 Dungeon Crawl Stone Soup version 0.30-a0-782-ge64f9170bb (webtiles) character file.

Game seed: 5010979245608903677

13 IndexError the Vexing (level 2, 0/16 HPs)
             Began as a Gargoyle Hexslinger on Feb 22, 2023.
             Slain by a quokka (1 damage)
             ... on level 1 of the Dungeon.
             The game lasted 00:00:23 (342 turns).

IndexError the Vexing (Gargoyle Hexslinger)          Turns: 342, Time: 00:00:24

Health: 0/16       AC:  4    Str: 13    XL:     2   Next: 37%
Magic:  3/3        EV: 11    Int: 13    God:
Gold:   10         SH:  0    Dex: 10    Spells: 2/3 levels left

rFire   . . .      SeeInvis .    a - +1 sling
rCold   . . .      Faith    .    (no shield)
rNeg    + . .      Spirit   .    c - +0 robe
rPois   ∞          Reflect  .    (no helmet)
rElec   +          Harm     .    (no cloak)
rCorr   .          Rampage  .    (no gloves)
Will    .....                    (no boots)
Stlth   +                        (no amulet)
HPRegen 0.22/turn                (no ring)
MPRegen 0.08/turn                (no ring)

@: no status effects
A: sickness immunity, AC +2, negative energy resistance 1, electricity
resistance, torment resistance 1, petrification resistance
a: no special abilities


You were on level 1 of the Dungeon.
You visited 1 branch of the dungeon, and saw 1 of its levels.

You collected 10 gold pieces.

Inventory:

Hand Weapons
 a - a +1 sling (weapon)
Armour
 c - a +0 robe (worn)
 d - a +0 chain mail
   (You found it on level 1 of the Dungeon)
Scrolls
 b - a scroll of poison
 e - a scroll of fog {unknown}
 f - a scroll of fear {unknown}


   Skills:
 - Level 1.1 Fighting
 * Level 2.7 Ranged Weapons
 - Level 1.5 Dodging
 - Level 1.0 Spellcasting
 + Level 2.9 Hexes


You had 2 spell levels left.
You knew the following spells:

 Your Spells              Type           Power      Damage    Failure   Level
s - Slow                  Hex            32%        N/A       9%          1

Your spell library contained the following spells:

 Spells                   Type           Power      Damage    Failure   Level
 Inner Flame              Hex/Fire       4%         N/A       43%         3
 Portal Projectile        Hex/Tloc       8%         N/A       43%         3
 Cause Fear               Hex            4%         N/A       63%         4


Dungeon Overview and Level Annotations

Branches:
Dungeon (1/15)

Altars:

Annotations:
D:1 1 runed translucent door


Innate Abilities, Weirdness & Mutations

You are immune to sickness and miasma.
Your stone body is resilient. (AC +2)
You are immune to poison.
You resist negative energy. (rN+)
You are resistant to electric shocks. (rElec)
You are resistant to unholy torment.
You are immune to petrification.


Message History

The bat hits you but does no damage.
You shoot a sling bullet. The sling bullet hits the bat.
No target in view!
You open the door.
An endoplasm comes into view.
The endoplasm quivers.
An endoplasm is nearby!
An endoplasm is nearby!
You shoot a sling bullet. The sling bullet hits the endoplasm.
The endoplasm freezes you.
You are frozen.
You take 1 damage, and have 15/16 hp.
You shoot a sling bullet. The sling bullet hits the endoplasm.
A rat comes into view.
You shoot a sling bullet. The sling bullet hits the rat!
HP restored.
There is an open door here.
f - a scroll labelled YRUABAMPOZU Health restored: 16 No target in view!
No target in view!
No target in view!
A quokka comes into view.
A quokka is nearby!
You shoot a sling bullet.
The sling bullet closely misses the quokka.
You hear a shout!
You shoot a sling bullet. The sling bullet hits the quokka.
The quokka misses you.
A goblin comes into view. It is wielding a +0 dagger.
You shoot a sling bullet.
The sling bullet closely misses the quokka.
The quokka closely misses you.
The quokka bites you but does no damage.
You shoot a sling bullet.
The sling bullet barely misses the quokka.
The quokka bites you.
The quokka bites you but does no damage.
You take 1 damage, and have 15/16 hp.
You shoot a sling bullet. The sling bullet hits the quokka.
The quokka closely misses you.
You shoot a sling bullet.
The sling bullet completely misses the quokka.
The quokka bites you. The goblin misses you. The quokka barely misses you.
You take 1 damage, and have 14/16 hp.
You shoot a sling bullet.
The sling bullet closely misses the quokka.
The goblin hits you but does no damage.
The quokka bites you but does no damage.
You shoot a sling bullet. The sling bullet misses the quokka.
The quokka bites you. The goblin hits you but does no damage.
The quokka bites you. The goblin closely misses you.
You take 6 damage, and have 8/16 hp.
MASSIVE DAMAGE!!
You are too injured to fight recklessly!
You are too injured to fight recklessly!
You are too injured to fight recklessly!
You are too injured to fight recklessly!
Fire: a) +1 sling
Press: ? - help, Q - select action Shift-Dir - straight line, f/p - quokka
Aim: a quokka (almost dead, 41% to hit)
You shoot a sling bullet.
The sling bullet hits the quokka but does no damage.
The quokka barely misses you. The goblin hits you with a +0 dagger.
You take 2 damage, and have 6/16 hp.
Fire: a) +1 sling
Press: ? - help, Q - select action Shift-Dir - straight line, f/p - quokka
Aim: a quokka (almost dead, 41% to hit)
You shoot a sling bullet.
The sling bullet barely misses the quokka.
The quokka bites you.
* * * LOW HITPOINT WARNING * * *
The goblin hits you but does no damage.
The quokka bites you but does no damage.
You take 2 damage, and have 4/16 hp.
Fire: a) +1 sling
Press: ? - help, Q - select action Shift-Dir - straight line, f/p - quokka
Aim: a quokka (almost dead, 41% to hit)
You shoot a sling bullet.
The sling bullet barely misses the quokka.
The goblin closely misses you. The quokka bites you.
* * * LOW HITPOINT WARNING * * *
You take 2 damage, and have 2/16 hp.
The quokka closely misses you. The goblin barely misses you.
The quokka closely misses you.
Fire: a) +1 sling
Press: ? - help, Q - select action Shift-Dir - straight line, f/p - quokka
Aim: a quokka (almost dead, 41% to hit)
You shoot a sling bullet.
The sling bullet closely misses the quokka.
The goblin hits you but does no damage. The quokka bites you.
* * * LOW HITPOINT WARNING * * *
The goblin hits you but does no damage.
You take 1 damage, and have 1/16 hp.
Fire: a) +1 sling
Press: ? - help, Q - select action Shift-Dir - straight line, f/p - quokka
Aim: a quokka (almost dead, 41% to hit)
You shoot a sling bullet.
The sling bullet barely misses the quokka.
The quokka bites you.
You die...

###### ### +.. #....#
#.## #..
#....###..##+# #...
#............# # #....
#............# #
...###............####
...#.......)....'...
#.#g#............#...
#...@....##########+#
###r#.#### #.....
...#.# #..... #..:#.#
#..... #.#.#.# ......
#...... ...... # #.##.
..#### #. . ..


You could see a quokka and a goblin.

Vanquished Creatures
  3 endoplasms (D:1)
  2 giant cockroaches (D:1)
  2 goblins (D:1)
  A quokka (D:1)
  A bat (D:1)
  A kobold (D:1)
  A rat (D:1)
11 creatures vanquished.

Notes
Turn   | Place    | Note
-------+----------+-------------------------------------------
     0 | D:1      | IndexError the Gargoyle Hexslinger began the quest for the
                  | Orb.
     0 | D:1      | Reached XP level 1. HP: 12/12 MP: 2/2
     1 | D:1      | Found a runed translucent door.
   128 | D:1      | Reached XP level 2. HP: 16/16 MP: 3/3
   338 | D:1      | HP: 4/16 [quokka (2)]
   341 | D:1      | HP: 1/16 [quokka (2)]
   342 | D:1      | Slain by a quokka

Illustrated notes

Levels and vault maps discovered:
D:1:      dpeg_arrival_caged_fury, layout_basic, dk_noncrumbling_4

Action                     || total
---------------------------++-------
   Fire: Sling             ||    41
 Armour: Robe              ||    14
  Dodge: Dodged            ||    16

Table legend: (Time is in decaauts)
 A = Elapsed time spent in this place.
 B = Non-inter-level travel time spent in this place.
 C = Inter-level travel time spent in this place.
 D = Time resting spent in this place.
 E = Time spent auto-exploring this place.
 F = Levels seen in this place.
 G = Mean time per level.
                   A        B        C        D        E       F      G
               +--------+--------+--------+--------+--------+-----+--------+
         Total |    353 |    353 |      0 |      0 |    287 |   1 |  353.0 |
       Dungeon |    353 |    353 |      0 |      0 |    287 |   1 |  353.0 |
               +--------+--------+--------+--------+--------+-----+--------+

Top non-repeatable levels by time:
     D:1: 353 daAuts

Table legend:
 A = Kills in this place as a percentage of kills in entire the game.
 B = Kills by you in this place as a percentage of kills by you in the entire game.
 C = Kills by friends in this place as a percentage of kills by friends in the entire game.
 D = Other kills in this place as a percentage of other kills in the entire game.
 E = Experience gained in this place as a percentage of experience gained in the entire game.
 F = Experience gained in this place divided by the number of levels of this place that you have seen.
                   A       B       C       D       E      F
               +-------+-------+-------+-------+-------+----------------------
         Total | 100.0 | 100.0 |   N/A |   N/A | 100.0 |  19.0
       Dungeon | 100.0 | 100.0 |   N/A |   N/A | 100.0 |  19.0
               +-------+-------+-------+-------+-------+----------------------
